 Dungeon Crawl Stone Soup version 0.30-a0-777-ga9a30cbeda (webtiles) character file.

Game seed: 11702199396374853593

2633 Iich the Cleaver (level 9, -26/84 HPs)
             Began as a Hill Orc Fighter on Feb 14, 2023.
             Was a Follower of Beogh.
             Annihilated by a boulder beetle (34 damage)
             ... on level 6 of the Dungeon.
             The game lasted 00:11:08 (6999 turns).

Iich the Cleaver (Hill Orc Fighter)                 Turns: 6999, Time: 00:11:09

Health: -26/84     AC: 10    Str: 19    XL:     9   Next: 61%
Magic:  7/9        EV:  7    Int:  8    God:    Beogh [*.....]
Gold:   289        SH:  5    Dex: 14    Spells: 8/8 levels left

rFire   + . .      SeeInvis .    a - +0 war axe
rCold   + . .      Faith    +    q - +0 buckler {rC+ rF+}
rNeg    . . .      Spirit   .    g - +0 chain mail
rPois   +          Reflect  .    (no helmet)
rElec   .          Harm     .    (no cloak)
rCorr   .          Rampage  .    e - +0 pair of gloves
Will    .....                    (no boots) Stlth
                                 c - amulet of faith
HPRegen 0.34/turn                k - ring of poison resistance
MPRegen 0.11/turn                (no ring)

@: no status effects
A: no striking features
a: Renounce Religion


You were on level 6 of the Dungeon.
You worshipped Beogh.
Beogh was aware of your devotion.
You visited 1 branch of the dungeon, and saw 8 of its levels.

You collected 289 gold pieces.

Inventory:

Hand Weapons
 a - a +0 war axe (weapon)
Armour
 e - a +0 pair of gloves (worn)
 g - a +0 chain mail (worn)
 q - a +0 buckler of resistance (worn)
Jewellery
 c - an amulet of faith (around neck)
 k - a ring of poison resistance (left hand)
 x - a +6 ring of strength
 y - a +6 ring of dexterity
Wands
 r - a wand of flame (42)
 w - a wand of iceblast (4)
Scrolls
 b - 2 scrolls of fog
 f - a scroll of poison
 i - a scroll of torment
 j - a scroll of enchant weapon
 m - a scroll of blinking
 o - 2 scrolls of fear
 s - a scroll of magic mapping {unknown}
 v - a scroll of immolation
 z - a scroll of brand weapon {unknown}
Potions
 d - a potion of flight {unknown}
 h - 2 potions of cancellation
 t - a potion of lignification {unknown}
 u - a potion of magic {unknown}


   Skills:
 + Level 9.6 Fighting
 * Level 13.7 Axes
 - Level 3.2 Armour
 - Level 3.2 Shields


You had 8 spell levels left.
You didn't know any spells.
Your spell library contained the following spells:

 Spells                   Type           Power      Damage    Failure   Level
 Shock                    Conj/Air       0%         1d3       100%        1
 Ensorcelled Hibernation  Hex/Ice        0%         N/A       100%        2
 Passwall                 Tmut/Erth      0%         N/A       100%        2
 Swiftness                Air            0%         N/A       100%        3
 Airstrike                Air            0%         2d(0-16)  100%        4
 Conjure Ball Lightning   Conj/Air       0%         3x3d6     100%        6
 Discord                  Hex            0%         N/A       100%        8
 Disjunction              Tloc           0%         N/A       100%        8


Dungeon Overview and Level Annotations

Branches:
Dungeon (8/15)
 Temple: D:4-7         Lair: D:8-11

Altars:
Ashenzari

Shops:
D:1 [


Message History

You block the boulder beetle's attack.
Okay, then.
Unknown command.
Okay, then.
Unknown command.
Okay, then.
You hit the boulder beetle.
The boulder beetle is almost dead.
The boulder beetle leaps!
The boulder beetle leaps!
You barely miss the boulder beetle.
The boulder beetle is almost dead.
You completely miss the boulder beetle.
The boulder beetle is almost dead.
The boulder beetle bites you but does no damage.
You hit the boulder beetle.
The boulder beetle is almost dead.
The boulder beetle leaps!
Save game and exit?
Welcome back, Iich the Hill Orc Fighter.
Beogh says: Drown the unbelievers in a sea of blood!
Press ? for a list of commands and other information.
Aiming: Throw Flame
Press: ? - help, Q - select action, (/) - cycle Shift-Dir - straight line, f - boulder beetle
Aim: a boulder beetle (almost dead, 100% to hit)
The puff of flame hits the boulder beetle but does no damage.
The boulder beetle is almost dead.
Aiming: Throw Flame
Press: ? - help, Q - select action, (/) - cycle Shift-Dir - straight line, f/p - boulder beetle
Aim: a boulder beetle (almost dead, 100% to hit)
The puff of flame hits the boulder beetle but does no damage.
The boulder beetle is almost dead.
The boulder beetle curls into a ball and begins rolling!
Aiming: Throw Flame
Press: ? - help, Q - select action, (/) - cycle Shift-Dir - straight line, f/p - boulder beetle
Aim: a boulder beetle (almost dead, rolling, 100% to hit)
The puff of flame hits the boulder beetle but does no damage.
The boulder beetle is almost dead.
The boulder beetle hits you!!
You die...

#.# #......# #.#
#.###########......# #.#
#.#........#...#+#.# #.#
#.#.#......#.#.#.#.# #.#
#.#........#.#)#.#.# #..
#.# #..°...#.#.#.#.######
#.# #..°...#.#.#.#.>.....
#.# #.#B.#.#.#.#.########
#.# #...@..#...>.........
#.#..........#.#.########
#.###.######.....#.######
#.# #............#.......
#[# ########.....#.######
#.# #......##.#.##.#..
#.# #(.....##.#....#.#
#.# #......##.######.#
#.# #......##.#......'


You could see a boulder beetle (rolling).

Vanquished Creatures
  Sigmund (D:3)
  Eustachio (D:6)
  A steam dragon (D:7)
  A water moccasin (D:6)
  A sky beast (D:6)
  4 ice beasts
  2 black bears (D:6)
  2 ogres (D:4)
  2 phantoms
  2 centaurs (D:7)
  2 bullfrogs
  2 scorpions
  3 wights (D:6)
  An orc priest (D:6)
  4 hounds
  Ijyb (D:4)
  Natasha (thrice) (D:4)
  4 iguanas
  3 orc wizards
  11 adders
  A white imp (D:5)
  3 worms
  4 dart slugs
  13 orcs
  5 ball pythons
  7 endoplasms
  3 giant cockroaches
  4 goblins
  8 hobgoblins
  4 jackals (D:3)
  2 quokkas
  4 bats
  3 frilled lizards
  6 kobolds
  6 rats
124 creatures vanquished.

Vanquished Creatures (others)
  An orc (D:4)
  A hobgoblin (D:4)
  20 plants
22 creatures vanquished.

Grand Total: 146 creatures vanquished

Notes
Turn   | Place    | Note
-------+----------+-------------------------------------------
     0 | D:1      | Iich the Hill Orc Fighter began the quest for the Orb.
     0 | D:1      | Reached XP level 1. HP: 19/19 MP: 1/1
   175 | D:1      | Reached skill level 3 in Axes
   180 | D:1      | Found Doyrgh's Armour Boutique.
   191 | D:1      | Reached XP level 2. HP: 20/27 MP: 2/2
   878 | D:2      | Reached skill level 4 in Axes
   916 | D:2      | Reached XP level 3. HP: 33/33 MP: 3/3
  1249 | D:2      | Reached XP level 4. HP: 41/41 MP: 4/4
  1323 | D:3      | Reached skill level 5 in Axes
  1590 | D:3      | Reached XP level 5. HP: 47/47 MP: 5/5
  1865 | D:3      | Noticed Sigmund
  1898 | D:3      | Killed Sigmund
  1899 | D:3      | Reached skill level 5 in Fighting
  1899 | D:3      | Reached skill level 7 in Axes
  1899 | D:3      | Reached XP level 6. HP: 26/56 MP: 6/6
  2467 | D:4      | Noticed Ijyb
  2485 | D:4      | Killed Ijyb
  2523 | D:4      | Became a worshipper of Beogh the Brigand
  2548 | D:4      | Reached skill level 8 in Axes
  2548 | D:4      | Reached XP level 7. HP: 50/63 MP: 7/7
  3050 | D:4      | Reached skill level 9 in Axes
  3175 | D:4      | Reached * piety under Beogh
  3182 | D:4      | Noticed Natasha
  3189 | D:4      | Killed Natasha
  3299 | D:4      | Noticed Natasha
  3890 | D:4      | Killed Natasha
  4070 | D:4      | Noticed Natasha
  4077 | D:4      | Killed Natasha
  4078 | D:4      | Reached XP level 8. HP: 73/73 MP: 8/8
  4109 | D:5      | Entered Level 5 of the Dungeon
  4362 | D:5      | Reached skill level 10 in Axes
  4468 | D:5      | You fall into a shaft and drop 3 floors!
  4502 | D:7      | Noticed a boulder beetle
  4524 | D:6      | HP: 3/73 [iguana (3)]
  5053 | D:7      | Reached skill level 11 in Axes
  5306 | D:6      | Reached skill level 12 in Axes
  5306 | D:6      | Reached XP level 9. HP: 82/82 MP: 9/9
  5312 | D:6      | Reached ** piety under Beogh
  5322 | D:6      | Found a broken altar of Ashenzari.
  5628 | D:6      | Noticed Eustachio
  5656 | D:6      | Killed Eustachio
  5657 | D:6      | Reached skill level 13 in Axes
  6987 | D:6      | HP: 4/84 [boulder beetle (28)]
  6999 | D:6      | Annihilated by a boulder beetle

Illustrated notes

Levels and vault maps discovered:
D:1:      lemuel_arrival_tunnels, layout_basic, serial_shops,
          nicolae_shop_temple_entry_statues_fountains, serial_bayou_lagoon_a
D:2:      layout_loops_cross
D:3:      layout_basic, uniq_sigmund
D:4:      layout_gridville, uniq_ijyb, uniq_natasha
D:5:      minmay_octagon_keep, layout_basic, minivault_23
D:6:      layout_basic, ashenzari_conservatory_becter, serial_bayou_pond_c,
          uniq_eustachio
D:7:      layout_rooms, nicolae_overflow_hidden_temple,
          minmay_temple_entry_nine_rooms, lightli_ossuary_entry_decrepit_ruins
D:8:      layout_loops_ring, fedhas_altar_3

Skill      XL: |  1  2  3  4  5  6  7  8  9 |
---------------+----------------------------+-----
Axes           | 3 4 5 7 8 9 12 13 | 13.7
Fighting       | 4 5 6 7 8 9 |  9.6
Armour         | |  3.2
Shields        | |  3.2

Action                     |  1- 3 |  4- 6 |  7- 9 || total
---------------------------+-------+-------+-------++-------
  Melee: War axe           |    68 |   119 |   313 ||   500
 Invoke: Convert to Beogh  |       |     1 |       ||     1
         Smiting           |       |       |     4 ||     4
  Evoke: Wand              |       |       |    11 ||    11
    Use: Scroll            |     5 |     1 |     6 ||    12
         Potion            |       |       |     7 ||     7
 Armour: Chain mail        |    37 |    66 |   140 ||   243
         Scale mail        |     4 |       |       ||     4
  Dodge: Dodged            |    27 |    37 |    95 ||   159
  Block: Buckler           |    14 |    18 |    55 ||    87

Table legend: (Time is in decaauts)
 A = Elapsed time spent in this place.
 B = Non-inter-level travel time spent in this place.
 C = Inter-level travel time spent in this place.
 D = Time resting spent in this place.
 E = Time spent auto-exploring this place.
 F = Levels seen in this place.
 G = Mean time per level.
                   A        B        C        D        E       F      G
               +--------+--------+--------+--------+--------+-----+--------+
         Total |   7023 |   6705 |    318 |   1051 |   4319 |   8 |  877.9 |
       Dungeon |   7023 |   6705 |    318 |   1051 |   4319 |   8 |  877.9 |
               +--------+--------+--------+--------+--------+-----+--------+

Top non-repeatable levels by time:
     D:6: 1891 daAuts
     D:3: 1458 daAuts
     D:4: 1325 daAuts
     D:1: 733 daAuts
     D:2: 660 daAuts
     D:7: 560 daAuts
     D:5: 360 daAuts
     D:8: 32 daAuts
